 Dungeon Crawl Stone Soup version 0.30-a0-359-gd0147acb1a (webtiles) character file.

Game seed: 5141579676754230174

2473 kyanize the Twirler (level 9, -14/85 HPs)
             Began as a Troll Berserker on Nov 12, 2022.
             Was an Elder of Trog.
             Killed from afar by an oklob plant (35 damage)
             ... with a splash of acid
             ... on level 6 of the Dungeon.
             The game lasted 00:51:19 (4805 turns).

kyanize the Twirler (Troll Berserker)               Turns: 4805, Time: 00:51:20

Health: -14/85     AC:  4    Str: 31    XL:     9   Next: 26%
Magic:  8/8        EV: 11    Int:  3    God:    Trog [****..]
Gold:   274        SH:  0    Dex:  9    Spells: 8/8 levels left

rFire   x . .      SeeInvis .    v - +7 quarterstaff (spect)
rCold   . . .      Faith    .    (shield currently unavailable)
rNeg    . . .      Spirit   .    b - +0 animal skin
rPois   +          Reflect  .    (helmet restricted)
rElec   .          Harm     .    (no cloak)
rCorr   .          Rampage  .    (gloves unavailable)
Will    .....                    (boots unavailable)
Stlth   ++........               (no amulet)
HPRegen 1.14/turn                x - +4 ring of protection
MPRegen 0.11/turn                B - +4 ring of protection

@: corroded, on berserk cooldown, slowed, very slow
A: large, unfitting armour, claws 3, regeneration 1, shaggy fur 1, tough skin 1,
poison resistance, heat vulnerability 1
a: Renounce Religion, Berserk, Trog's Hand, Brothers in Arms


You were on level 6 of the Dungeon.
You worshipped Trog.
Trog was greatly pleased with you.
You visited 1 branch of the dungeon, and saw 6 of its levels.

You collected 274 gold pieces.

Inventory:

Hand Weapons
 a - a +0 vorpal mace
 d - a +2 short sword of draining
 g - a +1 dagger of venom
 o - a +3 flail
 s - a +2 dagger of draining
 v - a +7 spectral quarterstaff (weapon)
 D - a +1 whip of electrocution
 K - a +2 dire flail
 M - a +3 long sword
 N - a +2 short sword of venom
 P - a +1 dagger of electrocution
 R - a +2 dagger of draining
 S - a +0 trident
 T - a +0 club
 U - a +0 flail
 V - a +0 hand axe
 X - a +0 scythe
 Z - a +0 spear
Missiles
 f - 44 stones (quivered)
 w - a throwing net
 E - 2 javelins
 H - 15 boomerangs
 O - 11 poisoned darts
Armour
 b - a +0 animal skin (worn)
 l - a +0 scale mail
 q - an orb of guile
 y - a +0 scale mail
 A - a +1 leather armour of positive energy
 C - a +0 pair of boots
 G - a +0 chain mail
 J - a +0 leather armour
 Q - a +0 ring mail
 Y - a +0 robe
Magical Staves
 m - a staff of conjuration
 p - a staff of air
 L - a staff of poison
Jewellery
 e - a ring of positive energy
 i - a ring of fire
 x - a +4 ring of protection (left claw)
 B - a +4 ring of protection (right claw)
 W - a ring of protection from fire
Wands
 h - a wand of mindburst (13)
 n - a wand of paralysis (4)
 F - a wand of flame (24)
Scrolls
 t - 3 scrolls of poison
 u - 3 scrolls of teleportation
 z - 5 scrolls of identify
Potions
 c - 2 potions of attraction
 j - a potion of magic
 k - a potion of curing
 r - a potion of might
 I - a potion of heal wounds


   Skills:
 + Level 4.7 Fighting
 + Level 0.5 Short Blades
 + Level 4.6(6.8) Maces & Flails
 + Level 7.1(7.7) Staves
 + Level 5.1 Dodging
 + Level 1.7 Stealth


You had 8 spell levels left.
You didn't know any spells.
Your spell library contained the following spells:

 Spells                   Type           Power      Damage    Failure   Level
 Sublimation of Blood     Necr           0%         N/A       67%         2
 Wereblood                Tmut           0%         N/A       67%         2
 Dazzling Flash           Conj/Hex       0%         N/A       88%         3
 Iskenderun's Mystic Bla  Conj/Tloc      0%         2d3       99%         4
 Starburst                Conj/Fire      0%         6d3       100%        6
 Summon Hydra             Summ           0%         N/A       100%        7


Dungeon Overview and Level Annotations

Branches:
Dungeon (6/15)             Temple (0/1) D:5

Altars:

Shops:
D:4 =

Annotations:
D:6 exclusion: oklob plant


Innate Abilities, Weirdness & Mutations

You are too large for most types of armour.
You have claws for hands.
Your natural rate of healing is unusually fast.
You are covered in fur. (AC +1)
You have tough skin. (AC +1)
Your system is resistant to poisons. (rPois)
You are vulnerable to heat. (rF-)


Message History

The endoplasm hits you but does no damage.
The endoplasm freezes you.
You are frozen.
The endoplasm freezes you.
You are frozen.
The endoplasm freezes you.
You are frozen.
You hit the endoplasm.
You kill the endoplasm!
Trog accepts your kill. The endoplasm misses you.
You sock the endoplasm!
You kill the endoplasm!
Trog accepts your kill. The endoplasm freezes you.
You are frozen.
The endoplasm freezes you.
You are frozen.
The endoplasm freezes you.
You are frozen.
You thump the endoplasm!
You kill the endoplasm!
Trog accepts your kill.
The endoplasm hits you but does no damage.
You bludgeon the endoplasm!!
You kill the endoplasm!
Trog accepts your kill.
An oklob plant is nearby!
The oklob plant spits acid at you. The splash of acid hits you!
The acid corrodes you!
You hit the oklob plant.
The oklob plant is lightly damaged.
Your +7 spectral quarterstaff hits the oklob plant.
The oklob plant spits acid at you. The splash of acid hits you!
* * * LOW HITPOINT WARNING * * *
The acid corrodes you! The oklob plant spits acid at you.
The splash of acid hits you!!
You die...

#..#.# #########..#.#
#.......#....#
###########.#.###.#....#...
.............))))..<.......
#####.#############.#.####
#.# ###...### #.# # #.#
#.......###.#.# #.#
#...P...@.....# #.#
#.......####### #.#
###...### #.# ##### #####.#
......# ####### )..# ...#


You could see an oklob plant.

Vanquished Creatures
  Pikel (D:6)
  Sigmund (D:3)
  2 black bears
  An ice beast (D:6)
  A sky beast (D:4)
  A lemure (D:6)
  A phantom (D:5)
  A kobold brigand (D:6)
  Blork the orc (D:5)
  3 necrophages
  3 scorpions
  3 wights (D:6)
  5 jellies
  3 hounds
  2 orc priests
  2 gnoll boudas
  2 orc wizards
  4 iguanas
  11 gnolls
  3 adders
  3 worms
  4 dart slugs
  20 orcs
  9 ball pythons
  20 endoplasms
  3 giant cockroaches
  11 goblins
  10 hobgoblins
  3 jackals (D:1)
  A quokka (D:1)
  3 bats
  9 frilled lizards
  14 kobolds
  3 rats
164 creatures vanquished.

Vanquished Creatures (others)
  8 fungi
  13 plants
21 creatures vanquished.

Grand Total: 185 creatures vanquished

Notes
Turn   | Place    | Note
-------+----------+-------------------------------------------
     0 | D:1      | kyanize the Troll Berserker began the quest for the Orb.
     0 | D:1      | Reached XP level 1. HP: 22/22 MP: 0/0
   307 | D:1      | Reached XP level 2. HP: 29/29 MP: 1/1
   695 | D:1      | Found a faded altar of an unknown god.
   994 | D:2      | Reached ** piety under Trog
  1007 | D:2      | Reached XP level 3. HP: 33/36 MP: 2/2
  1342 | D:2      | Identified a scroll of acquirement
  1342 | D:2      | Acquired a +7 spectral quarterstaff
  1967 | D:3      | Reached XP level 4. HP: 40/44 MP: 3/3
  2091 | D:3      | Noticed Sigmund
  2149 | D:3      | Killed Sigmund
  2150 | D:3      | Reached skill level 1 in Staves
  2150 | D:3      | Reached XP level 5. HP: 51/53 MP: 4/4
  2237 | D:3      | Gained mutation: Your spells are a little easier to cast,
                  | but a little less powerful. [potion of mutation]
  2378 | D:3      | Reached XP level 6. HP: 58/61 MP: 5/5
  2595 | D:3      | Reached *** piety under Trog
  3406 | D:4      | Reached skill level 1 in Stealth
  3519 | D:4      | Reached skill level 2 in Staves
  3519 | D:4      | Reached XP level 7. HP: 67/67 MP: 6/6
  3629 | D:4      | Found Hackargh's Jewellery Emporium.
  3721 | D:4      | Reached skill level 3 in Staves
  3821 | D:5      | Entered Level 5 of the Dungeon
  3854 | D:5      | Noticed Blork the orc
  3861 | D:5      | Killed Blork the orc
  3884 | D:5      | Reached skill level 4 in Staves
  3909 | D:5      | Reached XP level 8. HP: 75/75 MP: 7/7
  4005 | D:5      | Lost mutation: Your spells are a little easier to cast, but
                  | a little less powerful. [potion of mutation]
  4005 | D:5      | Gained mutation: Your system is resistant to poisons.
                  | (rPois) [potion of mutation]
  4005 | D:5      | Gained mutation: You are vulnerable to heat. (rF-) [potion
                  | of mutation]
  4050 | D:5      | Found a staircase to the Ecumenical Temple.
  4358 | D:6      | Reached **** piety under Trog
  4364 | D:6      | Reached skill level 5 in Staves
  4577 | D:6      | Noticed Pikel
  4592 | D:6      | Killed Pikel
  4593 | D:6      | Reached skill level 6 in Staves
  4593 | D:6      | Reached XP level 9. HP: 85/85 MP: 8/8
  4612 | D:6      | Reached skill level 5 in Dodging
  4772 | D:6      | Noticed an oklob plant
  4775 | D:6      | Reached skill level 7 in Staves
  4805 | D:6      | Killed from afar by an oklob plant

Illustrated notes

Levels and vault maps discovered:
D:1:      psy_arrival_whirlpool, layout_basic,
          shapermc_ecumenical_altar_mp_urbaneastern
D:2:      layout_basic, serial_glass, glass_columns_a, glass_columns_a,
          glass_columns_a, glass_columns_c, chequers_avenue
D:3:      layout_basic, uniq_sigmund
D:4:      layout_basic, serial_shops, nicolae_lakefront_shop
D:5:      layout_rooms, minmay_temple_entry_from_below_a, minmay_lizard_king,
          uniq_blork_the_orc
D:6:      lemuel_slime, layout_basic, water_boxes_lemuel, uniq_pikel,
          uniq_maggie, uniq_crazy_yiuf_cottage, uniq_grinder

Skill      XL: |  1  2  3  4  5  6  7  8  9 |
---------------+----------------------------+-----
Dodging        | 3 4 5 |  5.1
Maces & Flails | 3 4 |  4.6
Fighting       | 3 4 |  4.7
Staves         | 1 2 4 6 7 |  7.1
Stealth        | 1 |  1.7
Short Blades   | |  0.5

Action                   |  1- 3 |  4- 6 |  7- 9 || total
-------------------------+-------+-------+-------++-------
Melee: Mace              |    84 |       |       ||    84
       Punch             |     1 |       |       ||     1
       Quarterstaff      |    23 |    76 |   136 ||   235
       Dagger            |    10 |       |       ||    10
Invok: Berserk           |     1 |     3 |     3 ||     7
       Trog's Hand       |       |       |     1 ||     1
  Use: Scroll            |     6 |     3 |     1 ||    10
       Potion            |     3 |     4 |     5 ||    12
 Stab: Distracted        |     1 |       |       ||     1
Armor: Animal skin       |    37 |    15 |    37 ||    89
Dodge: Dodged            |    52 |    28 |    49 ||   129

Table legend: (Time is in decaauts)
 A = Elapsed time spent in this place.
 B = Non-inter-level travel time spent in this place.
 C = Inter-level travel time spent in this place.
 D = Time resting spent in this place.
 E = Time spent auto-exploring this place.
 F = Levels seen in this place.
 G = Mean time per level.
                   A        B        C        D        E       F      G
               +--------+--------+--------+--------+--------+-----+--------+
         Total |   4901 |   1629 |   3272 |    567 |      0 |   6 |  816.8 |
       Dungeon |   4901 |   1629 |   3272 |    567 |      0 |   6 |  816.8 |
               +--------+--------+--------+--------+--------+-----+--------+

Top non-repeatable levels by time:
     D:3: 1051 daAuts
     D:2: 982 daAuts
     D:1: 963 daAuts
     D:4: 904 daAuts
     D:5: 535 daAuts
     D:6: 464 daAuts
